 Dungeon Crawl Stone Soup version 0.20.1 (webtiles) character file.

39057 VajrapaniSR the Brawler (level 13, 0/132 HPs)
             Began as a Troll Monk on July 2, 2017.
             Was a High Priest of Cheibriados.
             Slain by an entropy weaver (4 damage)
             ... on level 1 of the Spider Nest.
             The game lasted 01:19:52 (5662 turns).

VajrapaniSR the Brawler (Troll Monk)                Turns: 5662, Time: 01:19:53

Health: 0/132      AC:  5    Str: 33    XL:     13   Next: 67%
Magic:  12/17      EV: 18    Int: 19    God:    Cheibriados [*****.]
Gold:   224        SH:  0    Dex: 27    Spells: 3/12 levels left

rFire    + . .     SeeInvis +     - Unarmed
rCold    . . .     Gourm    +   (no shield)
rNeg     . . .     Faith    .   l - +1 troll leather armour {Snorg}
rPois    +         Spirit   .   h - +2 hat {SInv}
rElec    .         Reflect  .   p - +2 cloak
rCorr    .         Harm     .   (gloves unavailable)
MR       .....                  (boots unavailable)
Stlth    ++........             (no amulet)
Regen    1.2/turn               d - ring of protection from fire
MPRegen  0.2/turn               j - ring of poison resistance

@: corroded, very slow
A: unfitting armour, claws 3, horns 1, clever 1, fast metabolism 3, gourmand,
regeneration 1, shaggy fur 1, tough skin 2
a: Bend Time, Temporal Distortion, Slouch, Step From Time, Renounce Religion


You were on level 1 of the Spider Nest.
You worshipped Cheibriados.
Cheibriados was extremely pleased with you.
You were not hungry.

You visited 4 branches of the dungeon, and saw 21 of its levels.
You also visited: Ice Cave.

You collected 368 gold pieces.
You spent 144 gold pieces at shops.

Inventory:

Hand Weapons
 b - a +8 blowgun
Missiles
 u - 7 tomahawks (quivered)
 v - a tomahawk of returning
Armour
 h - a +2 hat of see invisible (worn)
 l - a +1 troll leather armour (worn) {Snorg}
 p - a +2 cloak (worn)
Jewellery
 d - a ring of protection from fire (left claw)
 j - a ring of poison resistance (right claw)
 k - an uncursed ring of protection from cold
 q - an uncursed ring of wizardry
Wands
 i - a wand of confusion (22/48)
 r - a wand of acid (3/15)
 s - a wand of lightning (9/15)
 t - a wand of lightning (4/15)
 E - a wand of polymorph (8/24)
 G - a wand of confusion (0/48)
Scrolls
 e - a scroll of teleportation
 g - 2 scrolls of amnesia
 m - 2 scrolls of magic mapping
 w - 2 scrolls of remove curse
Potions
 a - 2 potions of resistance {unknown}
 c - a potion of mutation
 n - 2 potions of curing
 B - a potion of agility {unknown}
 C - a potion of flight
 H - a potion of magic {unknown}
Books
 y - a book of Clouds

   Spells                             Type                      Level
   a - Poisonous Vapours              Poison/Air                   2
   b - Mephitic Cloud                 Conjuration/Poison/Air       3
   c - Conjure Flame                  Conjuration/Fire             3
   d - Freezing Cloud                 Conjuration/Ice/Air          6
   e - Ring of Flames                 Charms/Fire                  7
Comestibles
 f - 5 royal jellies
 o - 5 meat rations
 D - 8 fruits
 F - 4 bread rations


   Skills:
 + Level 9.7 Fighting
 - Level 6.9 Throwing
 + Level 8.4 Dodging
 - Level 1.0 Stealth
 * Level 15.2 Unarmed Combat
 + Level 7.5 Invocations


You had 3 spell levels left.
You knew the following spells:

 Your Spells              Type           Power        Failure   Level  Hunger
a - Mephitic Cloud        Conj/Pois/Air  #.......     56%         3    ####...
b - Freezing Cloud        Conj/Ice/Air   #.........   100%        6    #######


Dungeon Overview and Level Annotations

Branches:
Dungeon (13/15)            Temple (1/1) D:4            Lair (5/6) D:9
 Shoals (0/4) Lair:2       Spider (2/4) Lair:4        Slime (0/5) Lair:5
    Orc (0/2) D:10         Vaults (0/5) D:13

Altars:
Ashenzari
Cheibriados
Dithmenos
Elyvilon
Fedhas
Nemelex Xobeh
Okawaru
Qazlal
Ru
Uskayaw
Vehumet
Xom
Yredelemnul
Zin

Shops:
D:8 [   D:10 [}   D:11 !   D:12 %

Annotations:
D:6 p0werm0de's ghost, novice MiBe
D:12 exclusion: downstairs
D:13 Rupert; Urug
Lair:2 Nergalle
Spider:2 Arachne; Asterion


Innate Abilities, Weirdness & Mutations

You are too large for most types of armour.
You have claws for hands.
Your metabolism is lightning-fast.
You like to eat raw meat.
Your natural rate of healing is unusually fast.
You are covered in fur. (AC +1)
You have very tough skin. (AC +2)
You have a pair of small horns on your head.
Your mind is acute. (Int +2)


Message History

Unknown command.
Unknown command.
The jumping spider leaps!
The entropy weaver hits you!
* * * LOW HITPOINT WARNING * * *
The entropy weaver hits you!
* * * LOW HITPOINT WARNING * * *
The entropy weaver hits you!
* * * LOW HITPOINT WARNING * * *
The entropy weaver completely misses you.
The jumping spider leaps!
You take 26 damage, and have 2/132 hp.
You can feel time thicken for a moment.
You kill the jumping spider!
Cheibriados thoroughly appreciates the change of pace.
You kill the jumping spider!
Cheibriados thoroughly appreciates the change of pace.
You feel somewhat more hungry.
Cheibriados lowers the support of your attributes as your movement quickens.
The entropy weaver hits you.
You die...

#... ##..#.....# ##..
#^.#.##### .. ###### ####
##..# ### ##########...#
######.# #.#....†..†..##
....#..# #......#..†...##
......###........./##..#
#...#.#@....#........###
##†^..#a............###.
#.....†.†...#...........
#.........#..............
.........................##.
.....................^....##
...........................#
############################


You could see an entropy weaver.

Vanquished Creatures
  Jorgrun (Spider:1)
  Gastronok (Lair:1)
  2 emperor scorpions (Spider:1)
  An entropy weaver (Spider:1)
  The ghost of septik the Severer, a journeyman MiBe of Trog (D:12)
  Snorg (D:10)
  2 hydras
  7 two-headed ogres
  A lindwurm (Lair:4)
  An orb spider (Spider:1)
  An ugly thing (D:11)
  3 wolf spiders
  5 black mambas
  3 spiny frogs
  2 komodo dragons
  4 demonic crawlers (Spider:1)
  11 jumping spiders
  A hornet (D:5)
  A queen bee (D:9)
  A troll (D:10)
  5 blink frogs (Lair:2)
  6 hippogriffs
  Sigmund (D:5)
  19 redbacks
  2 wyverns
  3 tarantellas (Spider:1)
  Eustachio (D:4)
  14 yaks
  Duvessa (D:4)
  2 water moccasins
  4 porcupines
  9 ice beasts
  A sky beast (D:7)
  4 orc warriors
  An eye of draining (D:10)
  2 black bears
  4 ogres
  A necrophage (D:8)
  3 wolves (Lair:3)
  4 centaurs
  6 crocodiles
  3 big kobolds
  Dowan (D:4)
  9 bullfrogs
  5 scorpions
  19 killer bees (D:9)
  A howler monkey (D:6)
  A quasit (D:5)
  6 crimson imps
  2 orc priests
  2 bullfrog skeletons
  4 centaur skeletons
  2 jellies
  3 iguanas
  9 orc wizards
  6 worker ants
  A hound skeleton (D:11)
  A howler monkey zombie (D:11)
  3 worker ant zombies
  Robin (D:4)
  12 gnolls
  4 adders
  2 shadow imps
  2 leopard geckos
  29 orcs
  3 bats
  12 goblins
  A hobgoblin (D:4)
  2 jackals (D:5)
  2 quokkas
  A ball python (D:3)
  A frilled lizard (D:1)
  A jackal zombie (D:8)
  15 kobolds
  3 rats
312 creatures vanquished.

Vanquished Creatures (others)
  3 plants
3 creatures vanquished.

Grand Total: 315 creatures vanquished

Notes
Turn   | Place    | Note
-------+----------+-------------------------------------------
     0 | D:1      | VajrapaniSR the Troll Monk began the quest for the Orb.
     0 | D:1      | Reached XP level 1. HP: 22/22 MP: 0/0
   131 | D:2      | Reached XP level 2. HP: 8/29 MP: 1/1
   165 | D:2      | Reached skill level 4 in Unarmed Combat
   189 | D:2      | HP: 1/29 [gnoll/whip (9)]
   194 | D:2      | Reached XP level 3. HP: 4/36 MP: 2/2
   358 | D:4      | Found a staircase to the Ecumenical Temple.
   367 | Temple   | Entered the Ecumenical Temple
   412 | Temple   | Became a worshipper of Cheibriados the Contemplative
   412 | Temple   | Reached * piety under Cheibriados
   412 | Temple   | Reached ** piety under Cheibriados
   433 | Temple   | Reached skill level 5 in Unarmed Combat
   433 | Temple   | Reached XP level 4. HP: 40/44 MP: 3/3
   494 | D:4      | Reached XP level 5. HP: 26/50 MP: 4/4
   515 | D:4      | Reached skill level 6 in Unarmed Combat
   536 | D:4      | Noticed Dowan
   537 | D:4      | Noticed Duvessa
   552 | D:4      | Killed Duvessa
   552 | D:4      | Reached XP level 6. HP: 40/59 MP: 5/5
   560 | D:4      | Killed Dowan
   560 | D:4      | Reached skill level 7 in Unarmed Combat
   604 | D:4      | Noticed Eustachio
   638 | D:4      | Killed Eustachio
   661 | D:4      | Reached skill level 8 in Unarmed Combat
   661 | D:4      | Reached XP level 7. HP: 59/66 MP: 6/6
   667 | D:4      | Noticed Robin
   678 | D:4      | Killed Robin
   754 | D:5      | Entered Level 5 of the Dungeon
   824 | D:6      | Noticed p0werm0de's ghost (novice MiBe)
   827 | D:6      | Reached skill level 9 in Unarmed Combat
   886 | D:5      | Found a shattered altar of Ashenzari.
   898 | D:5      | Noticed a hornet
   909 | D:5      | Noticed Sigmund
   910 | D:5      | Killed a hornet
   910 | D:5      | Reached skill level 10 in Unarmed Combat
   910 | D:5      | Reached XP level 8. HP: 61/74 MP: 7/7
   933 | D:5      | HP: 2/74 [something (12)]
   934 | D:5      | Killed Sigmund
  1012 | D:5      | Reached *** piety under Cheibriados
  1156 | D:5      | Reached skill level 11 in Unarmed Combat
  1302 | D:7      | Reached XP level 9. HP: 69/83 MP: 8/8
  1445 | D:9      | Found an iron altar of Okawaru.
  1512 | D:8      | Found Pann's Antique Armour Emporium.
  1527 | D:8      | Reached **** piety under Cheibriados
  1537 | D:8      | Bought a cloak for 108 gold pieces
  1625 | D:10     | Entered Level 10 of the Dungeon
  1625 | D:10     | Noticed Snorg
  1637 | D:9      | Noticed a two-headed ogre
  1648 | D:9      | Killed a two-headed ogre
  1648 | D:9      | Reached skill level 5 in Fighting
  1648 | D:9      | Reached skill level 5 in Dodging
  1648 | D:9      | Reached skill level 12 in Unarmed Combat
  1745 | D:9      | Identified a scroll of acquirement
  1759 | D:9      | Noticed a queen bee
  1759 | D:9      | Gained mutation: Your mind is acute. (Int +2) [potion of mutation]
  1759 | D:9      | Gained mutation: You have a pair of small horns on your head. [potion of mutation]
  1764 | D:9      | Reached XP level 10. HP: 57/95 MP: 6/9
  1867 | D:9      | Reached ***** piety under Cheibriados
  1919 | D:9      | Noticed a two-headed ogre
  1925 | D:9      | Killed a two-headed ogre
  1953 | D:9      | VajrapaniSR: what do you think about orc
  1953 | D:9      | VajrapaniSR: on this char
  2000 | D:10     | Killed Snorg
  2049 | D:10     | Found Jiplarcha's Quality Used Wands.
  2070 | D:10     | murphy: useless
  2071 | D:10     | VajrapaniSR: k
  2071 | D:10     | murphy: why would u do orc?
  2071 | D:10     | VajrapaniSR: for a shield maybe
  2071 | D:10     | murphy: most equip won't fit
  2071 | D:10     | murphy: shields hm..
  2071 | D:10     | VajrapaniSR: my defense is looking decent tho
  2071 | D:10     | murphy: nah do snakes if u want a shield
  2071 | D:10     | VajrapaniSR: k
  2074 | D:10     | VajrapaniSR: ??lair
  2074 | D:10     | beem: lair[1/2]: Accessed from the main dungeon somewhere between levels 8 and 11. Six levels deep. The lair is full of "natural" critters such as rats, snakes, and yaks. One of Swamp/Shoals and one of Snake/Spider appears there, as well as Slime, and there is a relatively hard vault on Lair:6. The petting zoo of Crawl, if petting zoos had hydras.
  2101 | D:10     | murphy: it's not that common to get shield in orc
  2101 | D:10     | VajrapaniSR: k
  2126 | D:10     | murphy: the question is if u want to do depths
  2127 | D:10     | murphy: for a dragon scales
  2127 | D:10     | VajrapaniSR: nah, an underleveled chei troll wouldn't stand a chance
  2127 | D:10     | murphy: y
  2127 | D:10     | VajrapaniSR: maybe if i was a normal oka troll or something
  2168 | D:10     | Found Titzovidgh's Antique Armour Shop.
  2176 | D:10     | murphy: oh nice ev
  2176 | D:10     | VajrapaniSR: damn why is the cool stuff always in shops
  2200 | D:10     | Reached skill level 1 in Invocations
  2201 | D:10     | Found a staircase to the Orcish Mines.
  2242 | D:11     | Noticed a two-headed ogre
  2248 | D:11     | Killed a two-headed ogre
  2248 | D:11     | Reached skill level 13 in Unarmed Combat
  2248 | D:11     | Reached XP level 11. HP: 86/106 MP: 8/11
  2299 | D:11     | Found Beastoo's Distillery.
  2308 | D:11     | Bought a potion of curing for 36 gold pieces
  2380 | D:11     | VajrapaniSR: so does bend time mean i can run away from stuff
  2380 | D:11     | VajrapaniSR: once they're slowed
  2465 | D:11     | murphy: no
  2467 | D:11     | murphy: it means u can kill them easier
  2467 | D:11     | VajrapaniSR: i see
  2467 | D:11     | VajrapaniSR: so it'll take alot of invo to get a panic button
  2488 | D:11     | murphy: ??bend time
  2489 | D:11     | beem: bend time[1/1]: Slows down everything that is next to you when you use it, unless the monster passes a HD roll. Probability of success can be calculated here: http://anydice.com/program/99b6
  2512 | D:11     | murphy: ??temporal distortion
  2512 | D:11     | beem: temporal distortion[1/3]: 3* Cheibriados ability. Acts like a very low-duration (3-5 turns) instant step from time, the result of which is that monsters will approach you while you're safe from their ranged attacks. Monsters can also walk through you while you use it, which gives it many, many uses.
  2513 | D:11     | murphy: ??temporal distortion[2
  2513 | D:11     | beem: temporal distortion[2/3]: Helps making harmful clouds you just got blown over you time out, enemy orbs of destruction fly into walls instead of you, getting ranged monsters closer to you - and even making slime creatures split apart! Use it!
  2526 | D:11     | murphy: ??temporal distortion[3
  2527 | D:11     | beem: temporal distortion[3/3]: Other uses include: Moving monsters around in corridors (whether pulling summoners closer or getting a strong monster away from you), parking monsters on other floors (go down stairs, a+b and go up if they're not adjacent), moving monsters off stairs, et cetera
  2537 | D:11     | murphy: it's instant
  2537 | D:11     | VajrapaniSR: that's pretty useful
  2537 | D:11     | murphy: so u can try it several times
  2537 | D:11     | VajrapaniSR: might be good for getting cyclops in melee range
  2537 | D:11     | VajrapaniSR: since i need rocks to kill hydra
  2537 | D:11     | murphy: used it with my OgAm
  2538 | D:11     | murphy: to get lerny away
  2538 | D:11     | murphy: throwing rocks
  2538 | D:11     | murphy: it's a very good ability
  2538 | D:11     | VajrapaniSR: k
  2707 | D:11     | Noticed a brown ugly thing
  2720 | D:11     | Killed a brown ugly thing
  2791 | D:11     | Noticed a two-headed ogre
  2800 | D:11     | Killed a two-headed ogre
  2857 | D:12     | Noticed septik's ghost (journeyman MiBe)
  2864 | D:12     | HP: 5/108 [septik's ghost (17)]
  2864 | D:12     | HP: 2/108 [septik's ghost (3)]
  3066 | D:9      | Found a staircase to the Lair.
  3091 | D:9      | Reached ****** piety under Cheibriados
  3098 | D:9      | murphy: nice
  3100 | D:9      | VajrapaniSR: thanks, playing chei troll is pretty stressful
  3100 | D:9      | VajrapaniSR: my offense is pretty impressive though
  3119 | D:9      | VajrapaniSR: ??cyclops
  3119 | D:9      | beem: cyclops[1/2]: They throw large rocks. Slow.
  3119 | D:9      | VajrapaniSR: ??cyclops
  3119 | D:9      | beem: cyclops[1/2]: They throw large rocks. Slow.
  3119 | D:9      | VajrapaniSR: ??cyclops[2
  3119 | D:9      | beem: cyclops[2/2]: they love sheep. There are no cycsheep though.
  3119 | D:9      | VajrapaniSR: @?? cyclops
  3119 | D:9      | beem: cyclops (C)
                  | Spd:
     7 | HD: 9    | HP: 43-58
                  | AC/EV: 5/3
                  | Dam: 35
                  | items, doors
                  | Res: magic(40), drown
                  | XP:
   533 | Sz: Giant | Int: human.
  3127 | D:9      | VajrapaniSR: shall i go into lair?
  3127 | D:9      | murphy: hm..
  3127 | D:9      | murphy: why not?
  3127 | D:9      | VajrapaniSR: can i kill hydras though?
  3127 | D:9      | VajrapaniSR: with just bend time
  3127 | D:9      | VajrapaniSR: and claws
  3127 | D:9      | murphy: no
  3127 | D:9      | murphy: u need stones
  3127 | D:9      | murphy: rocks
  3127 | D:9      | murphy: something to throw
  3127 | D:9      | VajrapaniSR: k , ill explore a bit more of dungeon
  3197 | D:11     | Noticed a two-headed ogre
  3203 | D:11     | Killed a two-headed ogre
  3291 | D:11     | Noticed a two-headed ogre
  3301 | D:11     | Killed a two-headed ogre
  3306 | D:11     | murphy: this could do
  3310 | D:11     | murphy: tomahawks
  3310 | D:11     | VajrapaniSR: k
  3333 | D:12     | Killed septik's ghost
  3334 | D:12     | VajrapaniSR: ill just do d:12
  3334 | D:12     | VajrapaniSR: and if there's no rocks, ill do lair
  3383 | D:13     | Found a gate to the Vaults.
  3383 | D:13     | Noticed Rupert
  3383 | D:13     | Noticed a wizard
  3383 | D:13     | Noticed a centaur warrior
  3383 | D:13     | Noticed Urug
  3410 | D:12     | Noticed a two-headed ogre
  3414 | D:12     | Killed a two-headed ogre
  3462 | D:12     | Found Boxtunke's Food Emporium.
  3519 | D:12     | murphy: wands is an other option to kill hydras ofc
  3523 | D:12     | murphy: oh
  3523 | D:12     | murphy: u have acid wands
  3523 | D:12     | murphy: u are gucci
  3523 | D:12     | VajrapaniSR: are they good?
  3523 | D:12     | murphy: YES!!!
  3523 | D:12     | VajrapaniSR: i usually just run away from hydras
  3523 | D:12     | VajrapaniSR: but obviously that takes turns
  3523 | D:12     | VajrapaniSR: and can't wit chei
  3652 | Lair:1   | Entered Level 1 of the Lair of Beasts
  3652 | Lair:1   | Noticed Gastronok
  3656 | Lair:1   | Noticed a five-headed hydra
  3657 | Lair:1   | VajrapaniSR: gastronok + hydra
  3657 | Lair:1   | VajrapaniSR: beautiful
  3662 | D:9      | murphy: temporal distortion
  3663 | D:9      | murphy: wand
  3664 | D:9      | murphy: distortion
  3665 | D:9      | murphy: wand
  3669 | D:9      | Killed a five-headed hydra
  3669 | D:9      | Reached skill level 1 in Throwing
  3670 | D:9      | VajrapaniSR: that's a cool strategy
  3670 | D:9      | VajrapaniSR: would tomahawks work as well?
  3670 | D:9      | murphy: it think u can melee it when it's corroded and almost dead
  3670 | D:9      | VajrapaniSR: since my evo is 0
  3670 | D:9      | VajrapaniSR: k
  3679 | D:9      | murphy: it's just bad to start the fight when the hydra is at full hp
  3684 | Lair:1   | murphy: same strat here
  3692 | Lair:1   | murphy: corrode
  3692 | Lair:1   | Killed Gastronok
  3692 | Lair:1   | Reached XP level 12. HP: 119/119 MP: 1/14
  3695 | Lair:1   | murphy: or just kill it
  3705 | Lair:1   | murphy: lol
  3705 | Lair:1   | murphy: nice hat
  3716 | Lair:1   | VajrapaniSR: now unseen horrors should be easy to kill
  3716 | Lair:1   | VajrapaniSR: unlike last time
  3716 | Lair:1   | VajrapaniSR: that was hell
  3727 | Lair:1   | Found a labyrinth entrance.
  3729 | Lair:1   | VajrapaniSR: hmmmmmm
  3729 | Lair:1   | VajrapaniSR: labyrinth
  3729 | Lair:1   | murphy: take the wand
  3729 | Lair:1   | murphy: first
  3736 | Lair:1   | murphy: might be dgging
  3736 | Lair:1   | VajrapaniSR: polymorph
  3737 | Lair:1   | murphy: hm..
  3738 | Lair:1   | murphy: actually
  3738 | Lair:1   | murphy: no
  3738 | Lair:1   | murphy: don't do lab
  3738 | Lair:1   | VajrapaniSR: k
  3738 | Lair:1   | murphy: u need no weapon
  3738 | Lair:1   | murphy: sec
  3738 | Lair:1   | murphy: but
  3738 | Lair:1   | murphy: books
  3738 | Lair:1   | murphy: hm..
  3738 | Lair:1   | murphy: damn
  3738 | Lair:1   | murphy: didn't think about books
  3738 | Lair:1   | VajrapaniSR: even if i get statue, it won't be up for a long time
  3738 | Lair:1   | murphy: ture
  3738 | Lair:1   | VajrapaniSR: main issue is getting a shield
  3738 | Lair:1   | murphy: what's your goal?
  3738 | Lair:1   | VajrapaniSR: ad rocks
  3738 | Lair:1   | murphy: do u want statue form troll?
  3738 | Lair:1   | VajrapaniSR: i don't mind which kind of troll
  3738 | Lair:1   | murphy: i didn't think about it when i advised against going orc
  3738 | Lair:1   | VajrapaniSR: but ideally statue
  3738 | Lair:1   | murphy: hm..
  3738 | Lair:1   | murphy: i dunno
  3738 | Lair:1   | VajrapaniSR: i think ill not do labyrinth
  3738 | Lair:1   | murphy: there might be books in the lab
  3742 | Lair:1   | murphy: but yes
  3757 | Lair:1   | murphy: that's probably the better decision
  3765 | Lair:1   | murphy: skipping it
  3775 | Lair:1   | VajrapaniSR: btw this regen is insane
  3775 | Lair:1   | murphy: lab has little food
  3829 | Lair:1   | Found a frozen archway.
  3851 | Lair:1   | murphy: yes this is the reason why Troll or Vs of chei is so strong for turncounts
  3852 | Lair:1   | murphy: hm..
  3855 | Lair:1   | murphy: ice cave
  3860 | Lair:1   | VajrapaniSR: no rc+
  3860 | Lair:1   | murphy: might be ok to peek
  3865 | Lair:1   | murphy: peek in
  3866 | IceCv    | Entered an ice cave
  3867 | IceCv    | VajrapaniSR: oh, this oe
  3867 | IceCv    | murphy: ok this is the frost giant one
  3867 | IceCv    | murphy: hm..
  3867 | IceCv    | murphy: wanna do it?
  3867 | IceCv    | murphy: is it worth it?
  3867 | IceCv    | VajrapaniSR: i don't think so
  3867 | IceCv    | VajrapaniSR: no rc+ means i'll die
  3867 | IceCv    | murphy: ok then leave
  3880 | Lair:1   | Reached skill level 5 in Invocations
  3894 | Lair:1   | VajrapaniSR: ??slouch
  3894 | Lair:1   | beem: slouch[1/6]: Does damage to everything in sight (including invisible enemies) that's faster than you. More damage with higher speed difference. Insanely good against everything really fast; Executioners get blown into separate molecules.
  3944 | Lair:2   | VajrapaniSR: yay ring of wizardry
  3946 | Lair:2   | VajrapaniSR: that'll be a fast statue form
  3946 | Lair:2   | VajrapaniSR: if i ever find it
  4005 | Lair:3   | Reached skill level 14 in Unarmed Combat
  4021 | Lair:3   | Noticed Sonja
  4038 | Lair:3   | murphy: train invo?
  4039 | Lair:3   | murphy: ah ok
  4039 | Lair:3   | VajrapaniSR: i have confusion wand
  4039 | Lair:3   | VajrapaniSR: this should be easy, hopefully
  4039 | Lair:3   | murphy: yes nice
  4049 | Lair:3   | murphy: polymorph
  4050 | Lair:3   | VajrapaniSR: oh yeah
  4051 | Lair:3   | murphy: don't move
  4052 | Lair:3   | Noticed Sonja
  4052 | Lair:3   | Sonja changed into Sonja the black mamba
  4053 | Lair:3   | Killed Sonja the black mamba
  4056 | Lair:3   | murphy: take the blowgun
  4056 | Lair:3   | murphy: and curare
  4058 | Lair:3   | VajrapaniSR: btw what does the enchant on a blowgun even do
  4058 | Lair:3   | VajrapaniSR: never used one before
  4090 | Lair:3   | murphy: ??blowgun
  4091 | Lair:3   | beem: blowgun[1/1]: Blowguns shoot {needles}. For needles other than poison and curare: You have a flat 2% chance of affecting monsters with HD14 or less. In all other cases, or if this 2% chance fails, you will only affect a monster if 2+ 1d(4 + Throwing Skill + Blowgun enchantment) is greater than the monster's HD.
  4092 | Lair:3   | VajrapaniSR: oh ,k
  4092 | Lair:3   | murphy: %?cerebov
  4092 | Lair:3   | beem: Cerebov (&)
                  | Spd:
    10 | HD: 21   | HP: 540-782
                  | AC/EV: 30/8
                  | Dam: 60
                  | demonic, weapons, items, doors, fighter, unholy, see invisible
                  | Res: magic(immune), damnation, fire+++, poison, drown, rot, neg+++, torm
                  | Vul: holy++
                  | XP:
22660 | Sp:
  4092 | Lair:3   | beem: ..fire storm (8d16 / 8d17) [!sil], iron shot (3d36) [!sil], haste [!sil], sum.greater demon [!sil]
                  | Sz: Giant
                  | Int: human.
  4092 | Lair:3   | VajrapaniSR: so a higher chance to affect them
  4092 | Lair:3   | murphy: %?antaeus
  4092 | Lair:3   | beem: Antaeus (C)
                  | Spd:
    10 | HD: 22   | HP: 573-776
                  | AC/EV: 28/4
                  | Dam: 75(cold:22-65), 30(cold:22-65)
                  | demonic, weapons, items, doors, fighter, amphibious, unholy, see invisible
                  | Res: magic(immune), cold++, elec+++, drown, rot, neg+++, torm |
  4092 | Lair:3   | beem: ..Vul: fire, holy++
                  | XP: 16940
                  | Sp: b.lightning (3d25) [!sil], flash freeze (3d29) [!sil]
                  | Sz: Giant
                  | Int: human.
  4092 | Lair:3   | murphy: so if u get enough enchant
  4093 | Lair:3   | murphy: and throwing u can paralyze those guys
  4093 | Lair:3   | murphy: 22 hd
  4093 | Lair:3   | VajrapaniSR: so this +8 blowgun will wreck anything that isn't rpois
  4093 | Lair:3   | VajrapaniSR: good to know
  4094 | Lair:3   | murphy: oh
  4096 | Lair:3   | murphy: it does that anyways
  4115 | Lair:3   | murphy: it was toalking about curare
  4116 | Lair:3   | VajrapaniSR: oh
  4116 | Lair:3   | murphy: ??blowgun
  4116 | Lair:3   | beem: blowgun[1/1]: Blowguns shoot {needles}. For needles other than poison and curare: You have a flat 2% chance of affecting monsters with HD14 or less. In all other cases, or if this 2% chance fails, you will only affect a monster if 2+ 1d(4 + Throwing Skill + Blowgun enchantment) is greater than the monster's HD.
  4116 | Lair:3   | murphy: other then poison or curare
  4136 | Lair:1   | murphy: for curare it only helps to get hits
  4147 | Lair:2   | murphy: but it's still good
  4150 | Lair:2   | VajrapaniSR: k
  4160 | Lair:2   | VajrapaniSR: ??swamp
  4160 | Lair:2   | beem: swamp[1/3]: Accessed from the Lair somewhere between levels 2 and 5. Four levels deep. Expect watery terrain and hydras throughout. A decaying rune lies at the bottom, usually guarded by swamp dragons and hydras. As swamp drakes emit mephitic clouds, you may want to have poison resistance or enhanced mental clarity.
  4160 | Lair:2   | murphy: use all enchant weapon scroll on that blowgun
  4160 | Lair:2   | VajrapaniSR: ??snake
  4160 | Lair:2   | beem: snake pit[1/3]: Accessed from the Lair somewhere between levels 3 and 6. Four levels deep. The serpentine rune lies at the bottom, and the greater nagas are renowned for their charm and hospitality. Half of all games contain this branch; the others contain {Spider Nest}.
  4166 | Lair:2   | Noticed Nergalle
  4188 | Lair:2   | murphy: i might also pick up other needles
  4197 | Lair:2   | murphy: except poison
  4203 | Lair:2   | VajrapaniSR: k
  4216 | Lair:2   | Found a staircase to the Shoals.
  4225 | Lair:2   | Reached skill level 5 in Throwing
  4348 | Lair:3   | murphy: why u drop staff of poison?
  4349 | Lair:3   | VajrapaniSR: already have rpois
  4349 | Lair:3   | murphy: ah ok
  4459 | Lair:4   | Found a hole to the Spider Nest.
  4481 | Lair:4   | Noticed a five-headed hydra
  4493 | Lair:4   | Killed a five-headed hydra
  4549 | Lair:5   | Found a staircase to the Slime Pits.
  4693 | Lair:4   | VajrapaniSR: shoals and spider
  4693 | Lair:4   | VajrapaniSR: hm
  4693 | Lair:4   | VajrapaniSR: it'll probably have to be spider
  4693 | Lair:4   | VajrapaniSR: shoals is gonna be so crappy with chei + water
  4693 | Lair:4   | murphy: y
  4693 | Lair:4   | murphy: spider is great
  4695 | Lair:4   | murphy: u have rpois
  4707 | Lair:4   | murphy: and seeinv
  4707 | Lair:4   | VajrapaniSR: and slouch
  4707 | Lair:4   | murphy: slouch is great in here
  4708 | Spider:1 | Entered Level 1 of the Spider Nest
  4708 | Spider:1 | Noticed an entropy weaver
  4709 | Spider:1 | murphy: and u have curare
  4712 | Lair:4   | VajrapaniSR: i have an idea
  4712 | Lair:4   | VajrapaniSR: curare the weaver?
  4712 | Lair:4   | murphy: y
  4718 | Spider:1 | Killed an entropy weaver
  4718 | Spider:1 | Reached XP level 13. HP: 98/131 MP: 10/16
  4719 | Spider:1 | VajrapaniSR: perfect
  4739 | Spider:1 | murphy: take immolation
  4800 | Spider:1 | murphy: it will work to clear vaults in combo with slouch
  4807 | Spider:1 | Noticed an emperor scorpion
  4813 | Spider:1 | VajrapaniSR: curare?
  4813 | Spider:1 | murphy: slow taht thing
  4819 | Spider:1 | murphy: band time
  4819 | Spider:1 | murphy: nvm
  4819 | Spider:1 | murphy: u messed up
  4845 | Spider:1 | murphy: they have rpois
  4845 | Spider:1 | murphy: i think
  4845 | Spider:1 | VajrapaniSR: ye
  4845 | Spider:1 | murphy: ??curare
  4847 | Lair:4   | beem: curare[1/2]: A type of poison that will slow you, poison you, and do large impact damage (called asphyxiation). To avoid it you can use eXamine to avoid being in any blowgun wielding creature's line of fire for too long. Poison resistance prevents the poisoning and asphyxiation, as well as the slowing (being undead will too).
  4894 | Lair:4   | VajrapaniSR: so, use might?
  4894 | Lair:4   | murphy: i mean u should start the fight clever
  4894 | Lair:4   | murphy: maybe corrode it
  4894 | Lair:4   | murphy: or use bend time to slow it
  4905 | Spider:1 | Killed an emperor scorpion
  4957 | Spider:2 | Noticed Asterion
  4961 | Spider:2 | Noticed a balrug
  4966 | Spider:2 | murphy: curare works on him
  4967 | Spider:2 | murphy: it would have worked
  4967 | Spider:2 | murphy: now it's too late
  5020 | Spider:1 | murphy: u basically run into him
  5021 | Spider:1 | murphy: and then started to fight when he was in melee
  5021 | Spider:1 | VajrapaniSR: i think i know what happened
  5021 | Spider:1 | VajrapaniSR: my tab macro isn't set up right
  5021 | Spider:1 | murphy: he has a shield
  5021 | Spider:1 | VajrapaniSR: 1 sec
  5021 | Spider:1 | VajrapaniSR: i usually set it to not move towards enemies
  5021 | Spider:1 | VajrapaniSR: ok, found it
  5021 | Spider:1 | murphy: i (almost) never use tab with chei
  5022 | Spider:1 | murphy: what does this do?
  5022 | Spider:1 | VajrapaniSR: it means it will never move towards an enemy
  5022 | Spider:1 | VajrapaniSR: i have to be next to them to tab
  5022 | Spider:1 | VajrapaniSR: ok, so now i go down?
  5022 | Spider:1 | VajrapaniSR: and curare
  5022 | Spider:1 | murphy: examine downstaiss pls
  5024 | Spider:2 | murphy: examine downstairs pls
  5024 | Spider:2 | VajrapaniSR: ?
  5024 | Spider:2 | murphy: ok nvm
  5024 | Spider:2 | murphy: u went down
  5030 | Spider:2 | VajrapaniSR: distortion again?
  5030 | Spider:2 | murphy: y
  5037 | Spider:2 | VajrapaniSR: i don't think i can kill him
  5037 | Spider:2 | VajrapaniSR: no wait
  5037 | Spider:2 | murphy: u can
  5037 | Spider:2 | VajrapaniSR: ohhhhh
  5037 | Spider:2 | murphy: but it's hard
  5037 | Spider:2 | VajrapaniSR: i didn't have needls quivered
  5037 | Spider:2 | murphy: and u play stupid
  5037 | Spider:2 | VajrapaniSR: i was throwing tomahawks
  5037 | Spider:2 | murphy: and too hasty
  5037 | Spider:2 | murphy: curare is gone?
  5037 | Spider:2 | VajrapaniSR: yeah
  5037 | Spider:2 | murphy: does he wear rpois equip?
  5037 | Spider:2 | VajrapaniSR: no
  5037 | Spider:2 | VajrapaniSR: he's hasted
  5037 | Spider:2 | murphy: that ring mail i guess
  5037 | Spider:2 | VajrapaniSR: so slouch might work
  5037 | Spider:2 | murphy: it's rpois
  5037 | Spider:2 | VajrapaniSR: wait damn, i have no magic
  5037 | Spider:2 | murphy: ok
  5037 | Spider:2 | murphy: here is the thing
  5037 | Spider:2 | murphy: no u are dead
  5037 | Spider:2 | murphy: gg
  5037 | Spider:2 | murphy: maybe fear
  5042 | Spider:1 | VajrapaniSR: ok, phew
  5042 | Spider:1 | VajrapaniSR: really need to play more slowly
  5057 | Spider:1 | murphy: ok the problem is
  5075 | Spider:1 | murphy: he has rpois
  5094 | Spider:1 | murphy: and vamp demonwhip
  5094 | Spider:1 | murphy: so he will heal he dmgs u
  5094 | Spider:1 | murphy: u need a plan
  5094 | Spider:1 | VajrapaniSR: i don't think it can be done then
  5094 | Spider:1 | murphy: what are those unid potions?
  5095 | Spider:1 | VajrapaniSR: flight
  5095 | Spider:1 | murphy: which are still unid?
  5095 | Spider:1 | murphy: check via \
  5095 | Spider:1 | murphy: agility
  5095 | Spider:1 | murphy: or zerk
  5095 | Spider:1 | murphy: those would win it for u maybe
  5095 | Spider:1 | murphy: but dunno
  5095 | Spider:1 | VajrapaniSR: i'll just explore mor of spider
  5095 | Spider:1 | murphy: nah
  5095 | Spider:1 | murphy: u want this shield
  5095 | Spider:1 | VajrapaniSR: k
  5096 | Spider:1 | murphy: press #
  5096 | Spider:1 | murphy: let's collect some ideas
  5096 | Spider:1 | VajrapaniSR: slouch him
  5096 | Spider:1 | VajrapaniSR: since he hastes himself
  5096 | Spider:1 | VajrapaniSR: or maybe quaff both pots
  5096 | Spider:1 | murphy: ??treeform
  5096 | Spider:1 | beem: treeform ~ tree form[1/3]: Immobile form with -Tele, +50% HP, 20 + XL/2 AC, minimal EV, rN+++, rPois, torment immunity, and gives +12 base UC damage. Unlike statue form, tree form does NOT give rot or poison immunity.
  5096 | Spider:1 | murphy: hm..
  5096 | Spider:1 | murphy: this sounds good
  5096 | Spider:1 | murphy: how about this u go downstairs
  5096 | Spider:1 | murphy: nvm
  5096 | Spider:1 | murphy: it's too risky
  5096 | Spider:1 | murphy: or maybe not
  5096 | Spider:1 | murphy: sec
  5096 | Spider:1 | murphy: u can use polymorph on yourself
  5096 | Spider:1 | murphy: and hope for treeform or shrrom form
  5096 | Spider:1 | murphy: if it fails u use distortion
  5096 | Spider:1 | murphy: and go upstairs
  5096 | Spider:1 | VajrapaniSR: i don't think treeform will do much
  5096 | Spider:1 | murphy: it will
  5096 | Spider:1 | murphy: 50 hp
  5096 | Spider:1 | murphy: and +12 uc
  5096 | Spider:1 | VajrapaniSR: melds claws though
  5096 | Spider:1 | murphy: gdr
  5096 | Spider:1 | murphy: and 30 ac
  5096 | Spider:1 | VajrapaniSR: ok, ill try it
  5096 | Spider:1 | VajrapaniSR: can treeform go up stairs?
  5096 | Spider:1 | murphy: no
  5096 | Spider:1 | murphy: it's all in then
  5097 | Spider:1 | murphy: very risky
  5097 | Spider:1 | VajrapaniSR: how about i get a mob with me
  5097 | Spider:1 | VajrapaniSR: downstairs
  5097 | Spider:1 | VajrapaniSR: and read immolation beforehand
  5097 | Spider:1 | VajrapaniSR: and then blow it up
  5097 | Spider:1 | murphy: yeah maybe
  5113 | Spider:1 | murphy: well actually
  5118 | Spider:1 | murphy: it might be that u don't have to kill him
  5118 | Spider:1 | murphy: after all it's just a shield
  5118 | Spider:1 | murphy: and the matchup seems very unfortunate
  5118 | Spider:1 | VajrapaniSR: yeah, ill gather some more exp and items
  5118 | Spider:1 | murphy: oh maybe
  5118 | Spider:1 | VajrapaniSR: if one of the unided potions is berserk
  5118 | Spider:1 | murphy: your spells
  5118 | Spider:1 | murphy: learn some of this book
  5118 | Spider:1 | murphy: meph cloud
  5118 | Spider:1 | VajrapaniSR: which one
  5122 | Spider:1 | Learned a level 3 spell: Mephitic Cloud
  5122 | Spider:1 | VajrapaniSR: and then brilliance
  5122 | Spider:1 | murphy: do u have brilliance pots?
  5122 | Spider:1 | murphy: and u have wiz?
  5122 | Spider:1 | VajrapaniSR: ye
  5122 | Spider:1 | murphy: ah nvm
  5122 | Spider:1 | murphy: he has that rpois armour
  5122 | Spider:1 | VajrapaniSR: oh yeah rpois
  5122 | Spider:1 | murphy: dang it
  5122 | Spider:1 | VajrapaniSR: what about freezing cloud
  5122 | Spider:1 | murphy: but i think u need to kill him
  5122 | Spider:1 | VajrapaniSR: wiz + brilliance + 20 int
  5122 | Spider:1 | VajrapaniSR: might be possible
  5122 | Spider:1 | murphy: he has those curare needles
  5129 | Spider:1 | Learned a level 6 spell: Freezing Cloud
  5135 | Spider:1 | VajrapaniSR: can i try the immolation plan btw
  5135 | Spider:1 | murphy: it was really stupid to shot all while they didn't work
  5135 | Spider:1 | VajrapaniSR: i have rf+
  5135 | Spider:1 | murphy: u can try but then u have to fight several enemies
  5144 | Spider:1 | murphy: don't see how this is much better
  5155 | Spider:2 | HP: 5/131 [cloud of flame (4)]
  5156 | Spider:2 | Noticed an Executioner
  5156 | Spider:2 | VajrapaniSR: crap
  5156 | Spider:2 | VajrapaniSR: step from time?
  5156 | Spider:2 | murphy: can u do it?
  5156 | Spider:2 | VajrapaniSR: 45%
  5156 | Spider:2 | murphy: ok
  5159 | Spider:1 | murphy: phew
  5159 | Spider:1 | VajrapaniSR: i don't think he died
  5159 | Spider:1 | VajrapaniSR: dammit
  5159 | Spider:1 | murphy: ofc not
  5251 | Spider:1 | Noticed a ghost moth
  5437 | Spider:2 | Noticed Jorgrun
  5446 | Spider:1 | Killed Jorgrun
  5463 | Spider:2 | Noticed Arachne
  5469 | Spider:1 | VajrapaniSR: i don't think there was much point fightinh him
  5469 | Spider:1 | VajrapaniSR: wayyy too much stuff burnt
  5495 | Spider:2 | Noticed an emperor scorpion
  5563 | Spider:1 | Reached skill level 15 in Unarmed Combat
  5633 | Spider:1 | Noticed an emperor scorpion
  5647 | Spider:1 | Killed an emperor scorpion
  5650 | Spider:1 | Noticed an entropy weaver
  5661 | Spider:1 | HP: 2/132 [entropy weaver (10)]
  5662 | Spider:1 | Slain by an entropy weaver

Skill      XL: |  1  2  3  4  5  6  7  8  9 10 11 12 13 |
---------------+----------------------------------------+-----
Unarmed Combat | 4 5 6 8 10 11 12 13 14 15 | 15.2
Fighting       | 3 5 6 8 9 |  9.7
Dodging        | 3 5 6 7 8 |  8.4
Invocations    | 1 4 6 7 |  7.5
Throwing       | 2 6 |  6.9
Stealth        | |  1.0

Action                   |  1- 3 |  4- 6 |  7- 9 | 10-12 | 13-15 || total
-------------------------+-------+-------+-------+-------+-------++-------
Melee: Unarmed           |    60 |    62 |   209 |   360 |   117 ||   808
       Punch             |       |     2 |    15 |    43 |    20 ||    80
       Headbutt          |       |       |     1 |   101 |    43 ||   145
 Fire: Blowgun           |       |       |       |     1 |     8 ||     9
Throw: Tomahawk          |       |       |       |     6 |    12 ||    18
Invok: Bend Time         |       |       |     2 |     7 |     4 ||    13
       Temporal Distorti |       |       |       |     7 |     5 ||    12
       Slouch            |       |       |       |     2 |     2 ||     4
       Step From Time    |       |       |       |       |     1 ||     1
Evoke: Wand              |       |       |       |    21 |     5 ||    26
  Use: Potion            |     1 |     1 |     3 |     3 |     5 ||    13
       Scroll            |     2 |       |     5 |    14 |     4 ||    25
 Stab: Sleeping          |     1 |     1 |     4 |     6 |       ||    12
  Eat: Chunk             |     1 |     1 |     9 |    24 |     3 ||    38
       Bread ration      |       |       |       |       |     1 ||     1
Armor: Robe              |    42 |    33 |    60 |     3 |       ||   138
       Skin              |       |       |       |    24 |       ||    24
       Troll leather arm |       |       |       |   102 |    95 ||   197
Dodge: Dodged            |    47 |    42 |   147 |   339 |   188 ||   763
